[Event "Team 45 45 League T84"]
[Site "Internet Chess Club"]
[Date "2020.04.10"]
[Round "2"]
[White "clarinetref"]
[Black "Tjet"]
[Result "1/2-1/2"]
[WhiteElo "1452"]
[BlackElo "1293"]
[Opening "Réti: King's Indian attack"]
[ECO "A38"]
[Time "20:02:59"]
[TimeControl "2700+45"]

1. Nf3 Nf6 2. g3 g6 3. Bg2 Bg7 4. c4 O-O 5. Nc3 c5 6. O-O Nc6 7. Rb1 e6 8. e4 d6
9. d3 e5 10. h3 a6 11. a3 Bd7 12. Bd2 Nd4 13. Nxd4 cxd4 14. Ne2 Qc8 15. Kh2 b5
16. b3 bxc4 17. bxc4 Rb8 18. Bb4 Qc7 19. f4 a5 20. Bd2 Rxb1 21. Qxb1 Rb8 22. Qc1
Ne8 23. f5 a4 24. g4 Rb3 25. Rf3 Qb7 26. Bb4 Rxb4 27. axb4 Qxb4 28. Rf1 Qb3 29.
Qb1 Qxb1 30. Rxb1 Bh6 31. Rb7 Bc6 32. Rb6 Bd7 33. h4 Bd2 34. g5 gxf5 35. exf5
Bxf5 36. Rb8 Kf8 37. Bc6 a3 38. Rxe8+ Kg7 39. Ra8 Bb4 40. Ng3 Bxd3 41. Be4 Bxe4
42. Nxe4 d3 43. Nf2 d2 44. Ra4 Bc5 45. Nd1 Kg6 46. Kh3 Kf5 47. Kg3 e4 48. Ra8 e3
49. Kf3 Ke5 50. Re8+ Kf5 51. Ra8 {Game drawn by mutual agreement} 1/2-1/2

[Event "Team 45 45 League T84"]
[Site "Internet Chess Club"]
[Date "2020.04.12"]
[Round "2"]
[White "chesskix"]
[Black "sdcohle"]
[Result "1-0"]
[WhiteElo "1365"]
[BlackElo "1360"]
[Opening "Réti opening"]
[ECO "A11"]
[Time "17:01:06"]
[TimeControl "2700+45"]

1. Nf3 d5 2. c4 c6 3. d3 dxc4 4. Nc3 cxd3 5. exd3 Nf6 6. Be2 e6 7. O-O Be7 8.
Bg5 O-O 9. Rc1 a6 10. h3 c5 11. b3 Qc7 12. Bxf6 Bxf6 13. Ne4 Be7 14. d4 b6 15.
Ne5 Bb7 16. Bf3 Rd8 17. Qe2 Rxd4 18. Nd3 Nd7 19. Qe3 Nf6 20. Qxd4 cxd4 21. Rxc7
Bxe4 22. Bxe4 Nxe4 23. Rxe7 Kf8 24. Rc7 f6 25. Rfc1 Nc3 26. Rc2 e5 27. f3 a5 28.
a4 Rb8 29. Kf1 h5 30. g4 hxg4 31. hxg4 Kg8 32. Ke1 Kh7 33. Rh2+ Kg6 34. Rc6 Rb7
35. Nxe5+ Kg5 36. Nd3 Re7+ 37. Kf1 Nd5 38. Rh5+ Kg6 39. Rxd5 Re3 40. Nf4+ Kf7
41. Kf2 Rxb3 42. Rxd4 Rb2+ 43. Kg3 Rb3 44. Re4 Rb1 45. Rc7+ Kf8 46. Ree7 Kg8 47.
Rxg7+ Kh8 48. Ng6# {Black checkmated} 1-0

[Event "Team 45 45 League T84"]
[Site "Internet Chess Club"]
[Date "2020.04.12"]
[Round "2"]
[White "gregorgg"]
[Black "BrerRabbit"]
[Result "1/2-1/2"]
[WhiteElo "1255"]
[BlackElo "1351"]
[Opening "Queen's bishop game"]
[ECO "D00"]
[Time "15:33:36"]
[TimeControl "2700+45"]

1. d4 d5 2. Bf4 Nf6 3. Nf3 c5 4. c3 Qb6 5. Qc2 Nc6 6. e3 g6 7. Nbd2 Bf5 8. Qc1
Bg7 9. Nh4 Bd7 10. Bd3 O-O 11. h3 Rac8 12. O-O cxd4 13. exd4 Nh5 14. Nb3 Nxf4
15. Qxf4 Qc7 16. Qd2 b6 17. Nf3 Rcd8 18. Rfe1 Rfe8 19. Bc2 Bc8 20. Nc1 e5 21.
Ne2 e4 22. Nh2 Re7 23. Qe3 {Game drawn by mutual agreement} 1/2-1/2

[Event "Team 45 45 League T84"]
[Site "Internet Chess Club"]
[Date "2020.04.11"]
[Round "2"]
[White "oldprez1"]
[Black "PsyMar"]
[Result "1-0"]
[WhiteElo "1270"]
[BlackElo "1259"]
[Opening "Giuoco Piano: Bernstein variation"]
[ECO "C54"]
[Time "13:00:39"]
[TimeControl "2700+45"]

1. e4 e5 2. Nf3 Nc6 3. Bc4 Bc5 4. c3 Nf6 5. d4 exd4 6. cxd4 Bb4+ 7. Nc3 Nxe4 8.
O-O Nxc3 9. bxc3 Bxc3 10. Qb3 d5 11. Bxd5 Bxd4 12. Nxd4 Nxd4 13. Bxf7+ Kf8 14.
Ba3+ Qe7 15. Bxe7+ Kxe7 16. Qe3+ Ne6 17. Bxe6 Bxe6 18. Rfe1 {Black resigns} 1-0

[Event "Team 45 45 League T84"]
[Site "Internet Chess Club"]
[Date "2020.04.10"]
[Round "2"]
[White "Hectormercado"]
[Black "kabindra"]
[Result "1-0"]
[WhiteElo "1521"]
[BlackElo "1643"]
[Opening "QP counter-gambit (elephant gambit)"]
[ECO "C40"]
[Time "15:00:37"]
[TimeControl "2700+45"]

1. e4 e5 2. Nf3 d5 3. exd5 e4 4. Nd4 Qxd5 5. Nb3 Nf6 6. Nc3 Qe5 7. Qe2 a6 8. d4
Qf5 9. Be3 Bb4 10. Bd2 O-O 11. O-O-O Re8 12. h3 Nc6 13. g4 Qg6 14. Bg2 a5 15.
Rhe1 Bd7 16. Nxe4 a4 17. Nbc5 Nxd4 18. Qc4 Bxc5 19. Nxf6+ gxf6 20. Qxc5 Ne2+ 21.
Kb1 a3 22. Be3 axb2 23. Rxd7 Re6 24. Qxc7 Rea6 25. Rd8+ Rxd8 26. Qxd8+ Kg7
{Black resigns} 1-0

[Event "Team 45 45 League T84"]
[Site "Internet Chess Club"]
[Date "2020.04.11"]
[Round "2"]
[White "Toalla"]
[Black "MartyJR"]
[Result "1/2-1/2"]
[WhiteElo "1225"]
[BlackElo "1372"]
[Opening "Sicilian defense"]
[ECO "B30"]
[Time "14:01:12"]
[TimeControl "2700+45"]

1. e4 c5 2. Nf3 Nc6 3. a3 g6 4. Bc4 Bg7 5. O-O e6 6. c3 d5 7. exd5 exd5 8. Bb5
Nf6 9. Re1+ Be6 10. d4 c4 11. Bg5 O-O 12. Nbd2 Qb6 13. Bxc6 bxc6 14. b4 cxb3 15.
Qxb3 Rab8 16. Qxb6 Rxb6 17. Rab1 Rfb8 18. Rxb6 Rxb6 19. Rb1 Nd7 20. Rxb6 axb6
21. Be7 h6 22. h3 f5 23. Bd6 c5 24. Ne5 cxd4 25. cxd4 Nxe5 26. Bxe5 Bf8 27. a4
Bd7 28. Bc7 Bxa4 29. Bxb6 Bb4 30. Nf3 Be8 31. Bc7 Kf7 32. Ne5+ Ke6 33. Nd3 Bc3
34. Be5 Bf7 35. f4 Be8 36. g4 Bb5 37. gxf5+ Kxf5 38. Nf2 h5 39. Kg2 Bd2 40. Kf3
Bf1 41. Bc7 Be1 42. h4 Bc3 43. Be5 Be1 44. Bd6 Ba6 45. Be5 Ke6 46. Bc7 Bb4 47.
Be5 Be7 48. Kg3 Bb4 49. Kf3 Kf5 50. Bc7 Be1 51. Kg3 Bxf2+ 52. Kxf2 Kg4 53. Bd8
Kxf4 54. Bg5+ Ke4 55. Bf6 Kf5 56. Bg5 Bd3 57. Kg3 Ke6 58. Kf4 Bf5 59. Bd8 Be4
60. Bg5 Kd6 61. Bf6 Kc6 62. Be7 Kb5 63. Bf6 Kc4 64. Be5 Kd3 65. Bf6 Ke2 66. Be5
Kf2 67. Bf6 Kg2 68. Bg5 Bd3 69. Bf6 Be4 70. Bg5 Kh3 71. Bf6 Kg2 72. Bg5 {Game
drawn by repetition} 1/2-1/2

[Event "Team 45 45 League T84"]
[Site "Internet Chess Club"]
[Date "2020.04.09"]
[Round "2"]
[White "Balderdash"]
[Black "kabubi"]
[Result "1-0"]
[WhiteElo "1246"]
[BlackElo "1108"]
[Opening "Ponziani: Jaenisch counter-attack"]
[ECO "C44"]
[Time "22:01:20"]
[TimeControl "2700+45"]

1. e4 e5 2. Nf3 Nc6 3. c3 Nf6 4. d4 exd4 5. Nxd4 Bc5 6. Bg5 Qe7 7. f3 O-O 8. Nf5
Qe5 9. Bxf6 Qxf6 10. h3 d6 11. Bd3 d5 12. Nd2 Ne5 13. Qe2 Nxd3+ 14. Qxd3 dxe4
15. fxe4 Bxf5 16. O-O-O Be6 17. Rdf1 Qd8 18. Qc2 Be3 19. Rd1 c5 20. Rhe1 Bxd2+
21. Rxd2 Qa5 22. a3 Rad8 23. Red1 Rxd2 24. Rxd2 g6 25. h4 Rd8 26. g4 Rxd2 27.
Qxd2 Bxg4 28. Qf4 h5 29. Qb8+ Kg7 30. Qe5+ Kh6 31. Qh8# {Black checkmated} 1-0

[Event "Team 45 45 League T84"]
[Site "Internet Chess Club"]
[Date "2020.04.09"]
[Round "2"]
[White "WzeroMN"]
[Black "oldbookseller"]
[Result "1-0"]
[WhiteElo "1040"]
[BlackElo "1014"]
[Opening "Ruy Lopez: classical (Cordel) defense"]
[ECO "C64"]
[Time "18:14:10"]
[TimeControl "2700+45"]

1. e4 e5 2. Nf3 Nc6 3. Bb5 Bc5 4. O-O Nge7 5. Re1 O-O 6. Nc3 d6 7. d3 Nd4 8.
Nxd4 Bxd4 9. Be3 Nf5 10. Bxd4 Nxd4 11. Ba4 Qf6 12. Nd5 Qg6 13. Ne7+ Kh8 14.
Nxg6+ fxg6 15. c3 Nf3+ 16. gxf3 Bh3 17. Re3 d5 18. f4 Bc8 19. fxe5 Be6 20. Rf3
Bg4 21. Rxf8+ Rxf8 22. Qxg4 {Black resigns} 1-0

[Event "Team 45 45 League T84"]
[Site "Internet Chess Club"]
[Date "2020.04.11"]
[Round "2"]
[White "Electryon"]
[Black "JeffH"]
[Result "0-1"]
[WhiteElo "1478"]
[BlackElo "1698"]
[Opening "English opening"]
[ECO "A05"]
[Time "12:01:11"]
[TimeControl "2700+45"]

1. Nf3 Nf6 2. c4 g6 3. b4 Bg7 4. Bb2 O-O 5. g3 d5 6. cxd5 Nxd5 7. a3 Bxb2 8. Ra2
Bg7 9. Bg2 c6 10. O-O Qb6 11. e4 Nf6 12. Re1 Ng4 13. d4 Rd8 14. Rd2 Nf6 15. h3
h6 16. Nc3 a5 17. d5 axb4 18. axb4 Qxb4 19. dxc6 Rxd2 20. Qxd2 Nxc6 21. Nd5 Qxd2
22. Nxd2 Nd7 23. Nc4 Ra1 24. Rxa1 Bxa1 25. Ncb6 Nxb6 26. Nxb6 Be6 27. g4 Be5 28.
Bf1 Bd4 29. Nd5 Bxd5 30. exd5 Nb4 31. Bc4 Kf8 32. Kf1 f6 33. Ke2 Ke8 34. f3 Kd7
35. f4 g5 36. Kf3 Kd6 37. fxg5 hxg5 38. Ke4 Be5 39. Bb3 Na6 40. Ke3 b5 41. Kd2
Nc5 42. Ba2 b4 43. Bc4 b3 44. Kc1 b2+ 45. Kb1 Ne4 {White resigns} 0-1

[Event "Team 45 45 League T84"]
[Site "Internet Chess Club"]
[Date "2020.04.10"]
[Round "2"]
[White "Chess4Him"]
[Black "tryanything"]
[Result "0-1"]
[WhiteElo "1456"]
[BlackElo "1526"]
[Opening "Queen's pawn: London system"]
[ECO "A45"]
[Time "21:00:38"]
[TimeControl "2700+45"]

1. d4 Nf6 2. Bf4 g6 3. Nc3 d6 4. e4 Bg7 5. Qd2 O-O 6. Bh6 a6 7. O-O-O c5 8. Bxg7
Kxg7 9. dxc5 Be6 10. cxd6 exd6 11. e5 Ng4 12. exd6 Nc6 13. h3 Nge5 14. f4 Nc4
15. Bxc4 Bxc4 16. Nf3 Qa5 17. Kb1 f6 18. Nd4 Nb4 19. Nb3 Bxb3 20. cxb3 Rad8 21.
Rhe1 Qf5+ 22. Kc1 Rxd6 23. Re7+ Rf7 24. Rxf7+ Kxf7 25. Qe2 Qxf4+ 26. Kb1 Qf5+
27. Kc1 Nd3+ 28. Rxd3 Qxd3 29. Qf2 Re6 30. Qh4 Qe3+ 31. Kc2 h6 32. Qc4 Qf2+ 33.
Kc1 Qg1+ 34. Nd1 Qxg2 35. Qc7+ Re7 36. Qc4+ Kg7 37. Qc5 Qg5+ 38. Qxg5 hxg5 39.
Kd2 Rd7+ 40. Ke2 Rxd1 41. Kxd1 f5 42. Ke2 Kf6 43. Kf3 Ke5 44. a4 Kd5 45. Ke3 Kc5
46. Kd3 Kb4 47. Kd4 Kxb3 48. a5 Kb4 49. Kd5 Kxa5 {White resigns} 0-1

[Event "Team 45 45 League T84"]
[Site "Internet Chess Club"]
[Date "2020.04.11"]
[Round "2"]
[White "sdcohle"]
[Black "pagliaci"]
[Result "1-0"]
[WhiteElo "1377"]
[BlackElo "1237"]
[Opening "Petrov: Nimzovich attack"]
[ECO "C42"]
[Time "12:00:24"]
[TimeControl "2700+45"]

1. e4 e5 2. Nf3 Nf6 3. Nxe5 d6 4. Nf3 Nxe4 5. Nc3 Nxc3 6. dxc3 d5 7. Bd3 Bd6 8.
Be3 O-O 9. Qd2 Nd7 10. O-O-O Nf6 11. Bg5 c5 12. c4 Be7 13. cxd5 Bg4 14. Rde1
Bxf3 15. gxf3 Nxd5 16. Bxe7 Nxe7 17. Re2 Re8 18. Rhe1 Qc7 19. f4 g6 20. Bb5 Red8
21. Qc3 Nd5 22. Qe5 Qb6 23. Bc4 Qc6 24. Rd1 Nb6 25. Bxf7+ Kxf7 26. Qe7+ Kg8 27.
Rxd8+ Rxd8 28. Qxd8+ Kg7 29. Qe7+ Kh6 30. Qg5+ {Black resigns} 1-0

[Event "Team 45 45 League T84"]
[Site "Internet Chess Club"]
[Date "2020.04.13"]
[Round "2"]
[White "Portola"]
[Black "Demachaeron"]
[Result "0-1"]
[WhiteElo "1691"]
[BlackElo "1753"]
[Opening "Torre attack (Tartakower variation)"]
[ECO "D03"]
[Time "16:03:06"]
[TimeControl "2700+45"]

1. d4 d5 2. Nf3 Nf6 3. Bg5 e6 4. e3 Be7 5. Nbd2 O-O 6. Bd3 Nbd7 7. O-O c6 8. c3
Qc7 9. Qe2 h6 10. Bh4 Re8 11. Bg3 Bd6 12. Bxd6 Qxd6 13. Rfe1 e5 14. dxe5 Nxe5
15. Nxe5 Rxe5 16. Qf3 Bd7 17. g3 Rae8 18. Qf4 Qb8 19. Nf3 R5e7 20. Qxb8 Rxb8 21.
Kg2 Rbe8 22. Rf1 a5 23. a3 c5 24. h3 Bc6 25. Bc2 Nd7 26. Ng1 d4+ 27. e4 dxc3 28.
bxc3 Nb6 29. f3 Nc4 30. Kf2 Rd8 31. Rfd1 Red7 32. Rxd7 Rxd7 33. Bb3 Ne5 34. Rd1
Rxd1 35. Bxd1 Nc4 36. Ne2 Nxa3 37. Nc1 Nb1 38. c4 a4 39. Ke3 b5 40. cxb5 Bxb5
41. Bc2 Na3 42. Bd3 Nc4+ 43. Ke2 Kf8 44. Na2 Nd6 45. Bxb5 Nxb5 46. Kd3 Nd4 47.
f4 Kg8 48. g4 Kf8 49. f5 Ke7 50. e5 g5 51. Kc4 Nf3 52. Kd5 Ng1 53. Nc3 a3 54.
Kxc5 Nxh3 55. Nd5+ Kf8 56. Nc3 Nf2 57. Kd5 Nxg4 58. e6 fxe6+ 59. fxe6 Ke7 {White
resigns} 0-1

[Event "Team 45 45 League T84"]
[Site "Internet Chess Club"]
[Date "2020.04.09"]
[Round "2"]
[White "sburreus09"]
[Black "KidRattler"]
[Result "1-0"]
[WhiteElo "1521"]
[BlackElo "1683"]
[Opening "Budapest defense declined"]
[ECO "A51"]
[Time "19:59:11"]
[TimeControl "2700+45"]

1. d4 Nf6 2. c4 e5 3. d5 Bc5 4. e3 d6 5. Be2 c6 6. Nc3 cxd5 7. cxd5 O-O 8. Nf3
Bf5 9. Nd2 Nbd7 10. g4 Bg6 11. g5 Ne8 12. h4 Nb6 13. Bg4 f5 14. gxf6 Qxf6 15.
Rh2 Bb4 16. Be6+ Kh8 17. Qb3 Bxc3 18. bxc3 Nc7 19. Ba3 Rad8 20. O-O-O Nxe6 21.
dxe6 Bf5 22. Rg1 Rfe8 23. Rhg2 Re7 24. Bb4 Bxe6 25. Qa3 Qxh4 26. Bxd6 Rf7 27.
Bxe5 Rg8 28. Rxg7 Rgxg7 29. Rxg7 Qh1+ 30. Rg1+ {Black resigns} 1-0

[Event "Team 45 45 League T84"]
[Site "Internet Chess Club"]
[Date "2020.04.12"]
[Round "2"]
[White "Visin"]
[Black "g8wrb"]
[Result "1/2-1/2"]
[WhiteElo "1158"]
[BlackElo "1311"]
[Opening "French: Steinitz variation"]
[ECO "C11"]
[Time "11:03:54"]
[TimeControl "2700+45"]

1. e4 e6 2. d4 d5 3. Nc3 Nf6 4. e5 Nfd7 5. Bd2 c5 6. Nf3 cxd4 7. Nxd4 Nxe5 8.
Bf4 Nec6 9. Bg3 a6 10. a3 Bc5 11. Nf3 Bd7 12. Be2 O-O 13. O-O Qf6 14. Bh4 Qf4
15. Bg3 Qf6 16. Bh4 Qg6 17. Bd3 f5 18. Bg3 Be7 19. Re1 Re8 20. h3 Bf6 21. Qd2
Bxc3 22. Qxc3 Qf6 23. Qxf6 gxf6 24. c3 e5 25. Bc2 e4 26. Nd2 Ne5 27. Rad1 Bb5
28. Nf1 Bxf1 29. Kxf1 Rd8 30. Bb3 Nd3 31. Re2 Nc6 32. Bc2 Nxb2 33. Rb1 Nc4 34.
Rxb7 Nxa3 35. Bh4 Rf8 36. Bb3 Rad8 37. Rd2 Na5 38. Bxd5+ Rxd5 39. Rxd5 Nxb7 40.
Rxf5 Kg7 41. Rd5 Rf7 42. Rd1 Nc5 43. Rd5 Nd3 44. Ra5 Nb1 45. Rxa6 Nxc3 46. Bg3
Rb7 47. Ra1 Rb1+ 48. Rxb1 Nxb1 49. Ke2 f5 50. Ke3 Kg6 51. f3 Nc3 52. fxe4 fxe4
53. Bc7 Kf5 54. g4+ Kg5 55. Ba5 Kh4 56. Bxc3 Kxh3 57. Kxe4 Nf2+ 58. Kf5 Nxg4 59.
Kg5 Kg3 60. Ba5 Kf3 61. Bc7 Ne3 62. Kh6 {Game drawn by mutual agreement} 1/2-1/2

[Event "Team 45 45 League T84"]
[Site "Internet Chess Club"]
[Date "2020.04.11"]
[Round "2"]
[White "ascoli"]
[Black "Gojira"]
[Result "1-0"]
[WhiteElo "1545"]
[BlackElo "1613"]
[Opening "QGD Slav defense"]
[ECO "D10"]
[Time "10:01:24"]
[TimeControl "2700+45"]

1. d4 d5 2. c4 c6 3. Nc3 Nf6 4. e3 a6 5. Qc2 Bg4 6. h3 Bh5 7. Nge2 dxc4 8. Nf4
b5 9. Nxh5 Nxh5 10. b3 cxb3 11. axb3 e6 12. Be2 Nf6 13. Bf3 Bb4 14. O-O Nd5 15.
Ne4 Qb6 16. Ng5 h6 17. Nxe6 fxe6 18. Qg6+ Kf8 19. Bh5 Ke7 20. Qxg7+ Kd6 21. Qxh8
Nd7 22. Qxa8 Nb8 23. Rxa6 {Black resigns} 1-0

[Event "Team 45 45 League T84"]
[Site "Internet Chess Club"]
[Date "2020.04.10"]
[Round "2"]
[White "rkjulianjr"]
[Black "Visin"]
[Result "0-1"]
[WhiteElo "1315"]
[BlackElo "1154"]
[Opening "QGD Slav defense: exchange variation"]
[ECO "D10"]
[Time "11:01:37"]
[TimeControl "2700+45"]

1. d4 d5 2. c4 c6 3. cxd5 cxd5 4. Bf4 Nf6 5. Nc3 a6 6. e3 Bf5 7. Nf3 e6 8. Be2
Be7 9. Rc1 Nbd7 10. O-O Rc8 11. Ne5 O-O 12. Nxd7 Qxd7 13. Na4 Rxc1 14. Qxc1 Qxa4
15. Qc7 Qd7 16. Rc1 Rd8 17. Qa5 Rc8 18. Re1 h6 19. a3 Bd6 20. Bxd6 Qxd6 21. h3
Rc6 22. Bf3 Qc7 23. Qb4 Rc1 24. Rxc1 Qxc1+ 25. Kh2 Qc7+ 26. Kg1 b5 27. Be2 Ne4
28. a4 bxa4 29. Qxa4 a5 30. Qe8+ Kh7 31. g4 Nf6 32. Qb5 Bg6 33. f4 h5 34. gxh5
Bxh5 35. Bd3+ Bg6 36. Bxg6+ Kxg6 37. Qf1 Kh7 38. Qg2 Qc1+ 39. Kh2 Qxe3 40. Qc2+
Qe4 41. Qc7 Qxd4 42. Qc2+ Qe4 43. Qc7 Qe2+ 44. Kg3 Qxb2 45. Qxf7 Qc3+ 46. Kh4
Qe1+ 47. Kg5 Qg3# {White checkmated} 0-1

[Event "Team 45 45 League T84"]
[Site "Internet Chess Club"]
[Date "2020.04.11"]
[Round "2"]
[White "seattleblues"]
[Black "CMAlge"]
[Result "1-0"]
[WhiteElo "1258"]
[BlackElo "1220"]
[Opening "QGD: 4.Nf3"]
[ECO "D37"]
[Time "19:14:24"]
[TimeControl "2700+45"]

1. d4 d5 2. Nf3 Nf6 3. c4 e6 4. Nc3 Nbd7 5. Bf4 Bd6 6. Ne5 O-O 7. e3 Nh5 8. Qxh5
Nf6 9. Qd1 c5 10. dxc5 Bxc5 11. Bd3 Qb6 12. Qc2 d4 13. Na4 Qa5+ 14. Kf1 dxe3 15.
Nxc5 Qxc5 16. Nf3 exf2 17. Qxf2 Qe7 18. Rd1 b6 19. Bc2 Rd8 20. Rxd8+ Qxd8 21.
Qd2 Qe8 22. h3 Ba6 23. b3 Rd8 24. Qe1 b5 25. Ne5 bxc4 26. Nxc4 Nd5 27. Bc1 Qc6
28. Kg1 Bxc4 29. bxc4 Qxc4 30. Bb3 Qc5+ 31. Kh2 Nf6 32. Qe3 Qd6+ 33. Qg3 e5 34.
Rd1 Ng4+ 35. Qxg4 Qc7 36. Rxd8+ Qxd8 37. Qf3 e4 38. Qxf7+ Kh8 39. Bb2 Qd6+ 40.
Kh1 {Black resigns} 1-0

[Event "Team 45 45 League T84"]
[Site "Internet Chess Club"]
[Date "2020.04.11"]
[Round "2"]
[White "seldredg"]
[Black "SeniorCitizen"]
[Result "0-1"]
[WhiteElo "1339"]
[BlackElo "1314"]
[Opening "Queen's pawn game"]
[ECO "D04"]
[Time "13:30:54"]
[TimeControl "2700+45"]

1. d4 d5 2. Nf3 Nf6 3. e3 Bf5 4. Nbd2 e6 5. a3 Nbd7 6. b3 Bd6 7. Bb2 O-O 8. Be2
Re8 9. Nh4 Bg6 10. Nxg6 fxg6 11. O-O e5 12. c4 c6 13. b4 Qb8 14. g3 Kh8 15. Nf3
exd4 16. Bxd4 Be5 17. Nxe5 Nxe5 18. f4 Nxc4 19. Rf3 Qc8 20. Kg2 Ng4 21. Qd3 Qe6
22. Kg1 Ngxe3 23. Qc3 Nf5 24. Bxc4 Nxd4 25. Qxd4 dxc4 26. Rc1 Qe4 27. Qc3 Rad8
28. Rff1 Qd4+ 29. Kg2 Re2+ 30. Kh3 Qd7+ 31. g4 Qd3+ 32. Rf3 Qe4 33. Kg3 Rd3 34.
Rxd3 cxd3 35. Qc5 Qe3+ 36. Kh4 Rxh2+ 37. Kg5 Qxc5+ 38. bxc5 Kg8 39. Rd1 Rh3 40.
f5 gxf5 41. Kxf5 Kf7 42. Ke4 Kg6 43. a4 Kg5 44. Rg1 d2 45. a5 Rc3 46. Rd1 Rc2
47. Kd4 g6 48. Kd3 Ra2 49. a6 bxa6 50. Kc3 h5 51. gxh5 gxh5 52. Rg1+ Kh6 53. Kb3
Ra1 {White resigns} 0-1

[Event "Team 45 45 League T84"]
[Site "Internet Chess Club"]
[Date "2020.04.08"]
[Round "2"]
[White "mongmong"]
[Black "bardu"]
[Result "1-0"]
[WhiteElo "1509"]
[BlackElo "1336"]
[Opening "King's Indian: orthodox, Aronin-Taimanov, bayonet attack"]
[ECO "E97"]
[Time "18:30:30"]
[TimeControl "2700+45"]

1. d4 Nf6 2. Nf3 g6 3. c4 Bg7 4. Nc3 O-O 5. e4 d6 6. Be2 e5 7. O-O Nc6 8. d5 Ne7
9. b4 Nh5 10. Re1 f5 11. Ng5 Nf6 12. exf5 Bxf5 13. Bb2 c6 14. Bf3 cxd5 15. Nxd5
Be6 16. Nxe6 {Black resigns} 1-0

[Event "Team 45 45 League T84"]
[Site "Internet Chess Club"]
[Date "2020.04.10"]
[Round "2"]
[White "wankan"]
[Black "Pawnchain"]
[Result "0-1"]
[WhiteElo "1361"]
[BlackElo "1363"]
[Opening "Queen's pawn: London system"]
[ECO "A45"]
[Time "13:00:33"]
[TimeControl "2700+45"]

1. d4 Nf6 2. Bf4 d5 3. e3 c5 4. c3 Nc6 5. Nd2 g6 6. Bd3 Qb6 7. b3 Bg7 8. h4 Nh5
9. Bh2 Nf6 10. Bf4 h5 11. Ngf3 cxd4 12. exd4 Bg4 13. Qc2 O-O-O 14. O-O-O e6 15.
Rde1 Bf5 16. Ng5 Rd7 17. Kb2 Ng4 18. Rhf1 Bxd4 19. Bxf5 exf5 20. cxd4 Qxd4+ 21.
Qc3 Qxc3+ 22. Kxc3 b6 23. Kb2 Nb4 24. Rc1+ Kb7 25. Rc3 d4 26. Rh3 Re8 27. a3 Nd5
28. Bg3 Re2 29. Nf3 f4 30. Bh2 Nxf2 31. Bg1 Nxh3 32. gxh3 Ne3 33. Rc1 Rc7 34.
Bh2 Rxc1 35. Kxc1 Nd5 36. Bg1 Ne3 37. Bh2 Nd5 38. Bg1 d3 39. Kb2 f6 40. b4 g5
41. Kb3 b5 42. a4 a6 43. axb5 axb5 44. Ka3 g4 45. hxg4 hxg4 46. Nd4 Rxd2 47. h5
Rg2 48. h6 Rxg1 49. h7 Rh1 50. Nxb5 d2 51. Nd6+ Kc6 {White resigns} 0-1

[Event "Team 45 45 League T84"]
[Site "Internet Chess Club"]
[Date "2020.04.11"]
[Round "2"]
[White "dabodhi"]
[Black "Just-Jim"]
[Result "1/2-1/2"]
[WhiteElo "1330"]
[BlackElo "1242"]
[Opening "Philidor's defense"]
[ECO "C41"]
[Time "14:02:55"]
[TimeControl "2700+45"]

1. e4 e5 2. Nf3 d6 3. d4 Nc6 4. d5 Nce7 5. c4 c6 6. Nc3 Ng6 7. Be3 c5 8. a3 Qa5
9. Bd2 Qd8 10. b4 cxb4 11. axb4 Qb6 12. Qb3 Nf6 13. Be3 Qc7 14. h3 Be7 15. Nb5
Qd8 16. Bd3 Nh5 17. g3 O-O 18. Nxa7 b6 19. Qb2 Qd7 20. Nc6 Rxa1+ 21. Qxa1 Qc7
22. Qa7 Qxa7 23. Nxa7 Bd7 24. Kd2 Ra8 25. Ra1 Rb8 26. Nc6 Bxc6 27. dxc6 Bd8 28.
b5 h6 29. Ra7 Rc8 30. Be2 Nf6 31. Bd3 Kf8 32. Nh4 Nxh4 33. gxh4 Nh5 34. Be2 Nf4
35. Bxf4 exf4 36. Bg4 Rc7 37. Ra8 Ke7 38. Kd3 g5 39. hxg5 hxg5 40. Rb8 Ra7 41.
Bf5 f6 42. Bg4 Ra3+ 43. Kd4 Ra2 44. Rb7+ Kf8 45. Rb8 Ke7 46. Rb7+ Kf8 47. c7
Bxc7 48. Rxc7 Rxf2 49. Kd5 f3 50. Ra7 Rd2+ 51. Ke6 f2 52. Ra1 Kg7 53. Rf1 Rd4
54. Rxf2 Rxe4+ 55. Kd5 Re5+ 56. Kd4 Kg6 57. Kd3 f5 58. Bxf5+ Rxf5 59. Ke3 Rxf2
60. Kxf2 Kf5 61. Kf3 Kf6 62. Ke4 Ke6 63. Kf3 Kf5 64. Ke3 Ke5 65. Kf3 Kd4 66. Kg4
Kxc4 67. Kxg5 d5 68. h4 d4 69. h5 d3 70. h6 d2 71. h7 d1=Q 72. h8=Q Qd5+ 73. Kf4
Qd4+ 74. Qxd4+ Kxd4 75. Kf3 Kc5 76. Ke3 Kb4 77. Kd3 Kxb5 78. Kc3 Kc5 79. Kb3 b5
80. Kc3 b4+ 81. Kb3 Kb5 82. Kb2 Kc4 83. Kc2 b3+ 84. Kb2 Kb4 85. Kb1 Kc3 86. Kc1
b2+ 87. Kb1 Kb3 {White stalemated} 1/2-1/2

[Event "Team 45 45 League T84"]
[Site "Internet Chess Club"]
[Date "2020.04.12"]
[Round "2"]
[White "oldmanpatzer"]
[Black "stantheman59"]
[Result "0-1"]
[WhiteElo "1138"]
[BlackElo "1243"]
[Opening "Sicilian: closed"]
[ECO "B23"]
[Time "13:31:39"]
[TimeControl "2700+45"]

1. e4 c5 2. Nc3 e6 3. g3 Nf6 4. Bg2 e5 5. Nge2 a6 6. a4 Be7 7. O-O O-O 8. f4 d6
9. fxe5 dxe5 10. Na2 Nc6 11. c3 b5 12. axb5 axb5 13. b3 Be6 14. Bb2 Qb6 15. Kh1
Na5 16. Nac1 c4 17. b4 Nb3 18. Rxa8 Rxa8 19. d3 Rd8 20. Qc2 Ng4 21. Qb1 {White
resigns} 0-1